 Dungeon Crawl Stone Soup version 0.25-a0-589-g1e14c54 (webtiles) character file.

Game seed: 14990608873116120860, levelgen mode: deterministic

8918 BlueFish the Carver (level 11, -1/97 HPs)
             Began as a Minotaur Fighter on Mar 12, 2020.
             Was an Elder of Yredelemnul.
             Splashed by a centaur's acid (8 damage)
             ... on level 9 of the Dungeon.
             The game lasted 00:21:38 (7725 turns).

BlueFish the Carver (Minotaur Fighter)              Turns: 7725, Time: 00:21:38

Health: -1/97      AC:  9    Str: 25    XL:     11   Next: 16%
Magic:  14/14      EV:  9    Int:  5    God:    Yredelemnul [****..]
Gold:   543        SH:  0    Dex: 16    Spells: 10/10 levels left

rFire    . . .     SeeInvis .   G - +2 long sword (freeze)
rCold    . . .     Gourm    .   (no shield)
rNeg     . . .     Faith    .   F - +0 plate armour
rPois    +         Spirit   .   i - +1 hat
rElec    .         Reflect  .   N - +1 cloak of Filth {rPois Str+4}
rCorr    .         Harm     .   e - +0 pair of gloves
MR       +....                  M - +0 pair of boots
Stlth    ..........             (no amulet)
HPRegen  0.26/turn              k - ring of protection from magic
MPRegen  0.14/turn              B - +3 ring of dexterity

@: corroded
A: retaliatory headbutt, horns 2
a: Recall Undead Slaves, Injury Mirror, Animate Dead, Drain Life, Renounce
Religion


You were on level 9 of the Dungeon.
You worshipped Yredelemnul.
Yredelemnul was greatly pleased with you.
You were not hungry.

You visited 2 branches of the dungeon, and saw 11 of its levels.

You collected 543 gold pieces.

Inventory:

Hand Weapons
 a - a +1 long sword
 w - a +2 rapier of electrocution
 A - the +3 rapier "Donuetoq" {holy, rF+ rC+ rN+ Str+2}
   (You found it on level 5 of the Dungeon)

   It has been blessed by the Shining One to cause great damage to the undead
   and demons.
   It affects your strength (+2).
   It protects you from fire.
   It protects you from cold.
   It protects you from negative energy.
   Yredelemnul disapproves of the use of such an item.
 G - a +2 long sword of freezing (weapon)
 I - a +0 scimitar
Armour
 c - a +0 kite shield
 e - a +0 pair of gloves (worn)
 i - a +1 hat (worn)
 F - a +0 plate armour (worn)
 M - a +0 pair of boots (worn)
 N - the +1 cloak of Filth (worn) {rPois Str+4}
   (You found it on level 8 of the Dungeon)

   It affects your strength (+4).
   It protects you from poison.
Jewellery
 k - a ring of protection from magic (left hand)
 B - a +3 ring of dexterity (right hand)
Wands
 x - a wand of iceblast (6)
 y - a wand of enslavement (10)
 H - a wand of digging (7)
 L - a wand of random effects (13)
Scrolls
 g - 5 scrolls of teleportation
 n - a scroll of fog
 s - 3 scrolls of blinking
 t - a scroll of amnesia
 u - 3 scrolls of remove curse
 v - a scroll of enchant weapon
 E - a scroll of magic mapping
Potions
 b - 2 potions of flight
 d - 3 potions of might
 h - a potion of experience {unknown}
 j - 4 potions of curing
 l - 5 potions of lignification
 m - a potion of degeneration {unknown}
 o - 2 potions of haste
 p - 2 potions of brilliance {unknown}
 q - a potion of resistance {unknown}
 r - 2 potions of magic {unknown}
 z - a potion of cancellation {unknown}
 C - a potion of mutation {unknown}
 D - 3 potions of stabbing
 K - a potion of ambrosia {unknown}
Comestibles
 f - 16 rations
 J - 4 chunks of flesh


   Skills:
 * Level 9.5 Fighting
 * Level 13.4 Long Blades
 * Level 10.2 Armour
 + Level 2.9 Dodging
 + Level 4.0 Shields
 * Level 6.5 Invocations


You had 10 spell levels left.
You didn't know any spells.
Your spell library contained the following spells:

 Spells                   Type           Power        Failure   Level  Hunger
 Animate Skeleton         Necr           N/A          99%         1    ##.....
 Apportation              Tloc           #.....       99%         1    ##.....
 Corona                   Hex            #......      99%         1    ##.....
 Infusion                 Chrm           #...         99%         1    ##.....
 Magic Dart               Conj           #...         99%         1    ##.....
 Shock                    Conj/Air       #...         99%         1    ##.....
 Summon Small Mammal      Summ           #...         99%         1    ##.....
 Searing Ray              Conj           #.....       100%        2    ###....
 Shroud of Golubria       Chrm/Tloc      #.....       100%        2    ###....
 Swiftness                Chrm/Air       #.......     100%        2    ###....
 Dazzling Flash           Conj/Hex       #.....       100%        3    ####...
 Inner Flame              Hex/Fire       #.......     100%        3    ####...
 Static Discharge         Conj/Air       #.......     100%        3    ####...
 Airstrike                Air            #.........   100%        4    #####..
 Fulminant Prism          Conj/Hex       #.........   100%        4    #####..
 Iskenderun's Mystic Bla  Conj/Tloc      #.......     100%        4    #####..
 Sticky Flame             Conj/Fire      #.......     100%        4    #####..
 Fireball                 Conj/Fire      #.........   100%        5    ######.
 Iskenderun's Battlesphe  Conj/Chrm      #.......     100%        5    ######.
 Lightning Bolt           Conj/Air       #.........   100%        5    ######.


Dungeon Overview and Level Annotations

Branches:
Dungeon (10/15)            Temple (1/1) D:4            Lair (0/6) D:9
    Orc: D:9-12

Altars:
Ashenzari
Cheibriados
Dithmenos
Elyvilon
Fedhas
Gozag
Hepliaklqana
Kikubaaqudgha
Makhleb
Nemelex Xobeh
Okawaru
Qazlal
Ru
Sif Muna
Trog
Uskayaw
Vehumet
Wu Jian
Xom
Yredelemnul
Zin
The Shining One

Shops:
D:6 %   D:7 (   D:8 :

Annotations:
D:8 3 runed translucent doors, flotson's ghost, novice OpAs
D:10 Fannar; Grum


Innate Abilities, Weirdness & Mutations

You reflexively headbutt those who attack you in melee.
You have a pair of horns on your head.


Message History

Your adder zombie closely misses the worker ant.
You swap places.
The centaur wields a +0 shortbow.
The centaur shoots an arrow.
The arrow hits your jackal skeleton!
Your jackal skeleton is destroyed!
Your bullfrog zombie hits the worker ant.
The worker ant bites your adder zombie. The yak gores your orc skeleton!
Your orc skeleton is destroyed!
Your adder zombie barely misses the worker ant.
Your wolf skeleton barely misses the worker ant.
Things that are here:
a +0 scimitar; a +0 plate armour You swap places.
The centaur zaps a wand.
The bolt of acid hits your orc priest zombie!!
Your orc priest zombie is splashed with acid.
The acid corrodes your orc priest zombie!
The bolt of acid hits you!!
* * * LOW HITPOINT WARNING * * *
The acid corrodes you!
You are splashed with acid!
You die...
Your body rises from the dead as a mindless zombie.

############ #############
#..........###.....##.....
#..........##.............
#.......a.c#..............
#......ZZZ(#..............
####
#.........Z#..............
...#
#..?....Y)Z#Z.............
...#
#........@.Z..............
...#
#..........Z..............
...#
#..........##.............
...##
#..........###.....##.....
Z...##
#######.####(Z............
.....# #.###.ZZ...######...
.....#########.##ZZZ....#
##..
###..........#.##..Z....#
##Z
#..........#Z#Z...<...#####
#.


You could see a yak, a centaur, a worker ant, a friendly adder zombie, a
friendly bullfrog zombie, a friendly orc priest zombie, a friendly orc wizard
zombie, a friendly iguana skeleton, a friendly wolf skeleton, a friendly orc
wizard skeleton and a friendly two-headed ogre skeleton.

Vanquished Creatures
  Gastronok (D:8)
  2 centaur warriors
  A two-headed ogre (D:9)
  Maurice (D:8)
  Maggie (D:6)
  A hornet (D:8)
  A hippogriff (D:10)
  A yak (D:10)
  A water moccasin (D:9)
  2 orc warriors
  A sky beast (D:6)
  3 ice beasts
  2 phantoms
  4 ogres
  2 wolves
  3 centaurs
  2 crocodiles (D:10)
  4 big kobolds
  2 bullfrogs (D:9)
  A wyvern zombie (D:8)
  A wyvern skeleton (D:7)
  A scorpion (D:7)
  6 wights
  A bullfrog zombie (D:7)
  3 crimson imps
  5 hounds
  Crazy Yiuf (D:5)
  7 orc priests
  A centaur skeleton (D:5)
  3 jellies
  14 worker ants
  2 iguanas
  13 orc wizards
  2 hound skeletons
  2 worker ant zombies
  14 adders
  4 gnolls (D:6)
  A shadow imp (D:10)
  3 adder skeletons
  3 worms
  3 dart slugs
  4 leopard geckos
  37 orcs
  5 ball pythons
  9 bats
  5 giant cockroaches
  8 hobgoblins
  10 jackals
  31 kobolds
  3 quokkas
  4 frilled lizards
  5 goblins
  A leopard gecko skeleton (D:5)
  2 quokka skeletons
  12 rats
262 creatures vanquished.

Vanquished Creatures (collateral kills)
  Joseph (D:10)
  2 phantoms
  2 wights
  A crimson imp (D:10)
  A howler monkey zombie (D:8)
  4 orcs
  A giant cockroach (D:6)
  2 kobolds (D:8)
14 creatures vanquished.

Vanquished Creatures (others)
  A hornet zombie (D:8)
  A bullfrog skeleton (D:9)
  2 big kobold zombies
  A crocodile skeleton (D:10)
  An ogre skeleton (D:7)
  A scorpion zombie (D:7)
  An adder zombie (D:6)
  7 orc skeletons
  A giant cockroach zombie (D:6)
  A jackal skeleton (D:9)
  4 kobold zombies
  A quokka skeleton (D:7)
22 creatures vanquished.

Grand Total: 298 creatures vanquished

Notes
Turn   | Place    | Note
-------+----------+-------------------------------------------
     0 | D:1      | BlueFish the Minotaur Fighter began the quest for the Orb.
     0 | D:1      | Reached XP level 1. HP: 19/19 MP: 0/0
    92 | D:1      | Reached XP level 2. HP: 22/27 MP: 1/1
   526 | D:1      | Reached XP level 3. HP: 33/33 MP: 2/2
   697 | D:2      | Reached skill level 3 in Long Blades
  1530 | D:3      | Reached XP level 4. HP: 35/40 MP: 3/3
  1678 | D:3      | Reached skill level 4 in Long Blades
  1804 | D:3      | Reached XP level 5. HP: 47/47 MP: 4/4
  1947 | D:3      | Reached skill level 5 in Armour
  1947 | D:3      | Reached skill level 1 in Dodging
  2323 | D:3      | Reached skill level 5 in Long Blades
  2530 | D:4      | Reached XP level 6. HP: 46/53 MP: 5/5
  2554 | D:4      | Got a fine leather armour
  2766 | D:4      | Reached skill level 5 in Fighting
  2900 | D:4      | Found a staircase to the Ecumenical Temple.
  2906 | Temple   | Entered the Ecumenical Temple
  2939 | Temple   | Became a worshipper of Yredelemnul the Dark
  3467 | D:5      | Entered Level 5 of the Dungeon
  3527 | D:5      | Reached skill level 6 in Long Blades
  3601 | D:5      | Reached XP level 7. HP: 51/61 MP: 6/6
  3678 | D:5      | Found a runed translucent door.
  3679 | D:5      | Noticed Crazy Yiuf
  3691 | D:5      | Killed Crazy Yiuf
  3857 | D:5      | Reached skill level 1 in Invocations
  3873 | D:5      | Reached skill level 7 in Long Blades
  4089 | D:5      | Got a steaming rapier
  4117 | D:5      | Identified the +3 rapier "Donuetoq" {holy, rF+ rC+ rN+
                  | Str+2} (You found it on level 5 of the Dungeon)
  4150 | D:6      | Reached * piety under Yredelemnul
  4157 | D:6      | Found Iryceu's Food Emporium.
  4243 | D:6      | Reached XP level 8. HP: 70/70 MP: 8/8
  4395 | D:6      | Noticed Maggie
  4412 | D:6      | Killed Maggie
  4412 | D:6      | Reached skill level 8 in Long Blades
  4627 | D:6      | Reached skill level 9 in Long Blades
  4645 | D:6      | Found a shimmering altar of Xom.
  4646 | D:6      | Found a shimmering altar of Xom.
  4653 | D:6      | Found a shimmering altar of Xom.
  4671 | D:6      | Found a shimmering altar of Xom.
  5076 | D:7      | Reached XP level 9. HP: 69/78 MP: 4/9
  5089 | D:7      | Reached skill level 10 in Long Blades
  5096 | D:7      | Reached ** piety under Yredelemnul
  5505 | D:7      | Found Jayfosoe's Weapon Emporium.
  5796 | D:8      | Paralysed by a hornet for 3 turns
  5923 | D:8      | Noticed Gastronok
  5925 | D:8      | Found a runed translucent gate.
  5926 | D:8      | Found a runed translucent gate.
  5927 | D:8      | Found a runed translucent gate.
  5946 | D:8      | Killed Gastronok
  5946 | D:8      | Reached skill level 11 in Long Blades
  5946 | D:8      | Reached XP level 10. HP: 49/90 MP: 10/12
  5952 | D:8      | Noticed flotson's ghost (novice OpAs)
  6079 | D:8      | Found Xoatus's Book Boutique.
  6199 | D:8      | Found a shimmering blue altar of Sif Muna.
  6401 | D:8      | Noticed Maurice
  6415 | D:8      | Reached skill level 12 in Long Blades
  6425 | D:8      | Killed Maurice
  6577 | D:8      | Noticed a centaur warrior
  6582 | D:8      | Killed a centaur warrior
  6582 | D:8      | Reached *** piety under Yredelemnul
  6582 | D:8      | Reached skill level 5 in Invocations
  6590 | D:8      | Got a pitted cloak
  6602 | D:8      | Identified the +1 cloak of Filth {rPois Str+4} (You found
                  | it on level 8 of the Dungeon)
  6772 | D:9      | Noticed a two-headed ogre
  6776 | D:9      | Killed a two-headed ogre
  7024 | D:9      | Reached skill level 13 in Long Blades
  7038 | D:9      | Found a staircase to the Lair.
  7204 | D:9      | Identified the Papyrus of Blistering Benedictions
  7313 | D:10     | Entered Level 10 of the Dungeon
  7430 | D:10     | Reached **** piety under Yredelemnul
  7541 | D:10     | Noticed Joseph
  7542 | D:10     | Noticed a centaur warrior
  7549 | D:10     | Noticed Fannar
  7551 | D:10     | Killed a centaur warrior
  7551 | D:10     | Reached skill level 10 in Armour
  7551 | D:10     | Reached XP level 11. HP: 97/97 MP: 14/14
  7559 | D:10     | Killed Joseph
  7615 | D:10     | Noticed Grum
  7725 | D:9      | Splashed by a centaur's acid

Levels and vault maps discovered:
D:1:      scummos_arrival_forest, layout_loops_ring
D:2:      layout_loops_ring, minmay_misc_feat_roman, corexii_leaking_fountain
D:3:      layout_basic, first_ration, minmay_misc_feat_secret_circle,
          minivault_11, minmay_divided_ellipse
D:4:      layout_basic, minmay_temple_entry_enclosed_plants, serial_park_tiny_1
D:5:      layout_cave_pools, uniq_crazy_yiuf_cottage
D:6:      layout_loops_ring, serial_shops, shop, xom_redecorated, uniq_maggie
D:7:      layout_basic, serial_shops, shop, grunt_ogre_cave
D:8:      layout_basic, overflow_temple_1_default, ebering_ghost_rock_garden,
          serial_shops, nicolae_shop_trees, kennysheep_just_a_vault,
          uniq_gastronok, uniq_maurice
D:9:      layout_rooms, lair_entry_dummy
D:10:     layout_rooms, basic_altar, minmay_hedge_maze, kennysheep_nub,
          uniq_grum, uniq_joseph, uniq_fannar
Temple:   nicolae_temple_the_god_donut

Skill      XL: |  1  2  3  4  5  6  7  8  9 10 |
---------------+-------------------------------+-----
Armour         | 4 5 6 8 9 10 | 10.2
Fighting       | 4 5 6 8 9 |  9.5
Long Blades    | 3 4 5 6 7 9 11 13 | 13.4
Shields        | 4 |  4.0
Dodging        | 1 2 |  2.9
Invocations    | 1 2 4 6 |  6.5

Action                   |  1- 3 |  4- 6 |  7- 9 | 10-12 || total
-------------------------+-------+-------+-------+-------++-------
Melee: Long sword        |    74 |   149 |   280 |   185 ||   688
       Headbutt          |     8 |    39 |    76 |    57 ||   180
Invok: Animate Remains   |       |       |    15 |    13 ||    28
       Animate Dead      |       |       |       |    11 ||    11
       Recall Undead Sla |       |       |       |     3 ||     3
  Use: Scroll            |     5 |     5 |     3 |     4 ||    17
       Potion            |       |       |     1 |       ||     1
  Eat: Chunk             |     1 |     8 |     9 |    17 ||    35
       Ration            |       |       |     1 |       ||     1
Armor: Scale mail        |    35 |     8 |       |       ||    43
       Chain mail        |       |   106 |    65 |       ||   171
       Swamp dragon scal |       |       |   100 |    27 ||   127
       Plate armour      |       |       |       |    92 ||    92
Dodge: Dodged            |    51 |    62 |   122 |   112 ||   347
       Rpst.: Long sword |    11 |    16 |    30 |    35 ||    92

Table legend:
 A = Non-vault XP
 B = Vault XP
 C = Vault XP percentage of total XP
 D = Non-vault monster count
 E = Vault monster count
 F = Vault count percentage of total count
                 A         B        C        D         E       F
            +---------+---------+-------+---------+---------+-------
      Total |    8377 |    4364 |  34.3 |     256 |      20 |   7.2
            +---------+---------+-------+---------+---------+-------
        D:1 |      46 |       0 |   0.0 |      29 |       0 |   0.0
        D:2 |      37 |       0 |   0.0 |      15 |       0 |   0.0
        D:3 |     124 |     111 |  47.2 |      29 |      11 |  27.5
        D:4 |     250 |       0 |   0.0 |      18 |       0 |   0.0
        D:5 |     783 |      41 |   5.0 |      26 |       1 |   3.7
        D:6 |     776 |     409 |  34.5 |      22 |       1 |   4.3
        D:7 |    1029 |     125 |  10.8 |      33 |       1 |   2.9
        D:8 |    1104 |    3116 |  73.8 |      31 |       3 |   8.8
        D:9 |    2069 |     110 |   5.0 |      27 |       1 |   3.6
       D:10 |    2159 |     452 |  17.3 |      26 |       2 |   7.1
            +---------+---------+-------+---------+---------+-------
